3R
MAINE SEA DOGS @ FRANKLIN FIRE
06/17/2042
 
TOP OF THE 1ST
Maine Sea Dogs batting - Pitching for Franklin Fire : RHP Jeffrey Eckert
Pitching: RHP Jeffrey Eckert
Batting: RHB Phil Hogan 0-0: Called Strike
0-1: Called Strike
0-2: SINGLE (Groundball, 6M, EV 102.5 MPH) (infield hit)
Batting: RHB Yong-oon P'i 0-0: Ball
1-0: Ball
2-0: Called Strike
2-1: Grounds into double play, 5-4-3 (Groundball, 5, EV 90.6 MPH)
Batting: SHB José Santos 0-0: Ball
1-0: Ball
2-0: Ball
3-0: Called Strike
3-1: Foul Ball, location: 2F
3-2: Foul Ball, location: 2F
3-2: Base on Balls
Batting: RHB Jesús Bonilla 0-0: Ball
1-0: Foul Ball, location: 2F
1-1: Foul Ball, location: 2F
1-2: Foul Ball, location: 2F
1-2: Foul Ball, location: 2F
1-2: Strikes out swinging
Top of the 1st over - 0 runs, 1 hit, 0 errors, 1 left on base; Maine 0 - Franklin 0
BOTTOM OF THE 1ST
Franklin Fire batting - Pitching for Maine Sea Dogs : RHP Ignacio González
Pitching: RHP Ignacio González
Batting: RHB Felino Edrada 0-0: Ball
1-0: Swinging Strike
1-1: Ball
2-1: Fly out, F7 (Line Drive, 7, EV 110.6 MPH)
Batting: SHB Ji-hoon Ku 0-0: Ball
1-0: Foul Ball, location: 2F
1-1: SINGLE (Line Drive, 4MD, EV 104.4 MPH)
Batting: LHB Will Blalock 0-0: Fly out, F7 (Flyball, 78S, EV 88.1 MPH)
Batting: RHB Kenny Benson 0-0: Ball
1-0: Ground out 4-3 (Groundball, 4, EV 100.0 MPH)
Bottom of the 1st over - 0 runs, 1 hit, 0 errors, 1 left on base; Maine 0 - Franklin 0
TOP OF THE 2ND
Maine Sea Dogs batting - Pitching for Franklin Fire : RHP Jeffrey Eckert
Batting: RHB Lenny Taunton 0-0: Ground out 3-1 (Groundball, 34, EV 90.0 MPH)
Batting: RHB Javier Carrodeguas 0-0: Swinging Strike
0-1: Swinging Strike
0-2: Ball
1-2: Strikes out swinging
Batting: SHB César Sánchez 0-0: Ball
1-0: Called Strike
1-1: Foul Ball, location: 2F
1-2: Ground out 4-3 (Groundball, 4S, EV 79.4 MPH)
Top of the 2nd over - 0 runs, 0 hits, 0 errors, 0 left on base; Maine 0 - Franklin 0
BOTTOM OF THE 2ND
Franklin Fire batting - Pitching for Maine Sea Dogs : RHP Ignacio González
Batting: LHB John Campbell 0-0: Swinging Strike
0-1: Called Strike
0-2: Ball
1-2: Strikes out swinging
Batting: RHB Steve Roberts 0-0: Called Strike
0-1: Ball
1-1: Fly out, F9 (Line Drive, 9, EV 85.6 MPH)
Batting: RHB Rusty Brown 0-0: Ball
1-0: Swinging Strike
1-1: Ground out 6-3 (Groundball, 56, EV 77.5 MPH)
Bottom of the 2nd over - 0 runs, 0 hits, 0 errors, 0 left on base; Maine 0 - Franklin 0
TOP OF THE 3RD
Maine Sea Dogs batting - Pitching for Franklin Fire : RHP Jeffrey Eckert
Batting: RHB Ernest Bonner 0-0: Swinging Strike
0-1: Ball
1-1: Foul Ball, location: 2F
1-2: Strikes out swinging
Batting: LHB Puck Broekhuizen 0-0: Ball
1-0: Foul Ball, location: 2F
1-1: Ball
2-1: Called Strike
2-2: Foul Ball, location: 2F
2-2: Ball
3-2: Foul Ball, location: 2F
3-2: Foul Ball, location: 2F
3-2: Strikes out looking
Batting: RHB Phil Hogan 0-0: Ball
1-0: Foul Ball, location: 2F
1-1: Foul Ball, location: 2F
1-2: Ball
2-2: Fly out, F7 (Line Drive, 7D, EV 95.0 MPH)
Top of the 3rd over - 0 runs, 0 hits, 0 errors, 0 left on base; Maine 0 - Franklin 0
BOTTOM OF THE 3RD
Franklin Fire batting - Pitching for Maine Sea Dogs : RHP Ignacio González
Batting: RHB Justin Cook 0-0: Ball
1-0: Ball
2-0: Ball
3-0: Foul Ball, location: 2F
3-1: Swinging Strike
3-2: SINGLE (Groundball, 34D, EV 107.5 MPH)
Batting: RHB Daniel Black 0-0: SINGLE (Line Drive, 4D, EV 98.1 MPH)
Justin Cook to second
Batting: RHB Felino Edrada 0-0: Ball
1-0: Ball
2-0: Called Strike
2-1: Grounds into double play, 6-4-3 (Groundball, 6D, EV 95.6 MPH)
Justin Cook to third
Batting: SHB Ji-hoon Ku 0-0: Swinging Strike
0-1: Ball
1-1: Ball
2-1: Ball
3-1: Base on Balls
Batting: LHB Will Blalock 0-0: Ball
1-0: Foul Ball, location: 2F
1-1: Ball
2-1: Fielders Choice at 2nd, 6-4 (Groundball, 6, EV 102.5 MPH)
Bottom of the 3rd over - 0 runs, 2 hits, 0 errors, 2 left on base; Maine 0 - Franklin 0
TOP OF THE 4TH
Maine Sea Dogs batting - Pitching for Franklin Fire : RHP Jeffrey Eckert
Batting: RHB Yong-oon P'i 0-0: Called Strike
0-1: Called Strike
0-2: Strikes out looking
Batting: SHB José Santos 0-0: SINGLE (Line Drive, 78M, EV 103.1 MPH)
Batting: RHB Jesús Bonilla 0-0: Ball
1-0: Called Strike
1-1: Foul Ball, location: 2F
1-2: Ball
2-2: Ball
3-2: Foul Ball, location: 2F
3-2: Strikes out swinging
Batting: RHB Lenny Taunton 0-0: Ball
1-0: Ball
2-0: SINGLE (Line Drive, 56, EV 93.8 MPH)
José Santos to second
Batting: RHB Javier Carrodeguas 0-0: Ground out 3-1 (Groundball, 3S, EV 95.6 MPH)
Top of the 4th over - 0 runs, 2 hits, 0 errors, 2 left on base; Maine 0 - Franklin 0
BOTTOM OF THE 4TH
Franklin Fire batting - Pitching for Maine Sea Dogs : RHP Ignacio González
Batting: RHB Kenny Benson 0-0: Called Strike
0-1: Fly out, F9 (Flyball, 89S, EV 95.6 MPH)
Batting: LHB John Campbell 0-0: Ball
1-0: Ground out U3 (Groundball, 34, EV 97.5 MPH)
Batting: RHB Steve Roberts 0-0: Called Strike
0-1: Swinging Strike
0-2: Strikes out looking
Bottom of the 4th over - 0 runs, 0 hits, 0 errors, 0 left on base; Maine 0 - Franklin 0
TOP OF THE 5TH
Maine Sea Dogs batting - Pitching for Franklin Fire : RHP Jeffrey Eckert
Batting: SHB César Sánchez 0-0: Called Strike
0-1: SINGLE (Flyball, 89S, EV 92.5 MPH)
Batting: RHB Ernest Bonner 0-0: Called Strike
0-1: Called Strike
0-2: Ball
1-2: Ball
2-2: Foul Ball, location: 2F
2-2: SINGLE (Groundball, 34D, EV 98.1 MPH)
César Sánchez to second
Batting: LHB Puck Broekhuizen 0-0: Called Strike
0-1: Called Strike
0-2: Foul Ball, location: 2F
0-2: SINGLE (Groundball, 34D, EV 98.8 MPH)
César Sánchez to third
Ernest Bonner to second
Batting: RHB Phil Hogan 0-0: Foul Ball, location: 2F
0-1: Fly out, F9 (Flyball, 89S, EV 91.2 MPH)
Batting: RHB Yong-oon P'i 0-0: Grounds into fielders choice 4-2 (Groundball, 4M, EV 83.1 MPH)
Ernest Bonner to third
Puck Broekhuizen to second
Batting: SHB José Santos 0-0: Hit by Pitch
Ernest Bonner scores
Puck Broekhuizen to third
Yong-oon P'i to second
Batting: RHB Jesús Bonilla 0-0: Foul Ball, location: 2F
0-1: Foul Ball, location: 2F
0-2: Ball
1-2: Strikes out looking
Top of the 5th over - 1 run, 3 hits, 0 errors, 3 left on base; Maine 1 - Franklin 0
BOTTOM OF THE 5TH
Franklin Fire batting - Pitching for Maine Sea Dogs : RHP Ignacio González
Batting: RHB Rusty Brown 0-0: Foul Ball, location: 2F
0-1: Ball
1-1: Ball
2-1: Ball
3-1: Base on Balls
Batting: RHB Justin Cook 0-0: Bunted foul
0-1: Sac Bunt to 15S - play at first, batter OUT! 1-4
Rusty Brown to second
Batting: RHB Daniel Black 0-0: Ground out 4-3 (Groundball, 4S, EV 83.8 MPH)
Rusty Brown to third
Batting: RHB Felino Edrada 0-0: Ball
1-0: Foul Ball, location: 2F
1-1: Ball
2-1: Foul Ball, location: 2F
2-2: Foul Ball, location: 2F
2-2: Strikes out swinging, 2-3 out at first.
Bottom of the 5th over - 0 runs, 0 hits, 0 errors, 1 left on base; Maine 1 - Franklin 0
TOP OF THE 6TH
Maine Sea Dogs batting - Pitching for Franklin Fire : RHP Jeffrey Eckert
Batting: RHB Lenny Taunton 0-0: Ball
1-0: SINGLE (Flyball, 78S, EV 90.0 MPH)
Batting: RHB Javier Carrodeguas 0-0: Ball
1-0: Foul Ball, location: 2F
1-1: Ball
2-1: Called Strike
2-2: Ball
3-2: Fly out, F9 (Flyball, 9, EV 89.4 MPH)
Batting: SHB César Sánchez 0-0: Swinging Strike
0-1: Swinging Strike
0-2: Ball
1-2: Fielders Choice at 2nd, 4-6 (Groundball, 4, EV 83.1 MPH)
Batting: RHB Ernest Bonner 0-0: SINGLE (Flyball, 78M, EV 85.0 MPH)
César Sánchez to second
Batting: LHB Puck Broekhuizen 0-0: Ball
1-0: Swinging Strike
1-1: Called Strike
1-2: Ball
2-2: Strikes out swinging
Top of the 6th over - 0 runs, 2 hits, 0 errors, 2 left on base; Maine 1 - Franklin 0
BOTTOM OF THE 6TH
Franklin Fire batting - Pitching for Maine Sea Dogs : RHP Ignacio González
Batting: SHB Ji-hoon Ku 0-0: Swinging Strike
0-1: Swinging Strike
0-2: Strikes out swinging, 2-3 out at first.
Batting: LHB Will Blalock 0-0: Called Strike
0-1: Ball
1-1: Ball
2-1: Called Strike
2-2: Ground out 6-3 (Groundball, 6, EV 87.5 MPH)
Batting: RHB Kenny Benson 0-0: Called Strike
0-1: Ball
1-1: Foul Ball, location: 2F
1-2: Ball
2-2: Ball
3-2: Base on Balls
Batting: LHB John Campbell 0-0: Called Strike
0-1: Ball
1-1: Ball
2-1: Foul Ball, location: 2F
2-2: Foul Ball, location: 2F
2-2: Foul Ball, location: 2F
2-2: 2-RUN HOME RUN (Flyball, 8LXD, EV 105.6 MPH), Distance : 434 ft
Batting: RHB Steve Roberts 0-0: Ball
1-0: Foul Ball, location: 2F
1-1: Ball
2-1: Bunt for hit to 23 - play at first, batter OUT! 3-4
Bottom of the 6th over - 2 runs, 1 hit, 0 errors, 0 left on base; Maine 1 - Franklin 2
TOP OF THE 7TH
Maine Sea Dogs batting - Pitching for Franklin Fire : RHP Jeffrey Eckert
Batting: RHB Phil Hogan 0-0: Ground out 6-3 (Groundball, 6, EV 86.9 MPH)
Batting: RHB Yong-oon P'i 0-0: Foul Ball, location: 2F
0-1: Ball
1-1: Fly out, F7 (Line Drive, 7D, EV 96.2 MPH)
Batting: SHB José Santos 0-0: Ball
1-0: Ball
2-0: Ball
3-0: Called Strike
3-1: Base on Balls
Pinch Hitting: LHB Pabiyan Ajiganoff 0-0: SINGLE (Groundball, 56D, EV 95.6 MPH)
José Santos to second
Batting: RHB Lenny Taunton 0-0: SINGLE (Line Drive, 89S, EV 103.8 MPH)
José Santos to third
Pabiyan Ajiganoff to second
Runner from 3rd tries for Home, SAFE, no throw by RF
Batting: RHB Javier Carrodeguas 0-0: Ball
1-0: Called Strike
1-1: Swinging Strike
1-2: Foul Ball, location: 2F
1-2: Ball
2-2: SINGLE (Line Drive, 8RS, EV 95.0 MPH)
Pabiyan Ajiganoff to third
Lenny Taunton to second
Runner from 3rd tries for Home, SAFE, throw by CF to home
Pitching: RHP Fepiku Alewina
Batting: SHB César Sánchez 0-0: Ball
1-0: Foul Ball, location: 2F
1-1: Ball
2-1: Foul Ball, location: 2F
2-2: Fly out, F8 (Flyball, 8LM, EV 89.4 MPH)
Top of the 7th over - 2 runs, 3 hits, 0 errors, 2 left on base; Maine 3 - Franklin 2
BOTTOM OF THE 7TH
Franklin Fire batting - Pitching for Maine Sea Dogs : RHP Ignacio González
Now at 3B: Dao Ngo
Batting: RHB Rusty Brown 0-0: Called Strike
0-1: Ball
1-1: Ground out 5-3 (Groundball, 5, EV 95.6 MPH)
Batting: RHB Justin Cook 0-0: Ball
1-0: Ball
2-0: Called Strike
2-1: Foul Ball, location: 2F
2-2: Fly out, F9 (Flyball, 9S, EV 85.0 MPH)
Batting: RHB Daniel Black 0-0: Foul Ball, location: 2F
0-1: Ball
1-1: Foul Ball, location: 2F
1-2: Strikes out looking
Bottom of the 7th over - 0 runs, 0 hits, 0 errors, 0 left on base; Maine 3 - Franklin 2
TOP OF THE 8TH
Maine Sea Dogs batting - Pitching for Franklin Fire : RHP Fepiku Alewina
Batting: RHB Ernest Bonner 0-0: Called Strike
0-1: SINGLE (Groundball, 56D, EV 110.6 MPH)
Batting: LHB Puck Broekhuizen 0-0: Ball
1-0: Ball
2-0: Called Strike
2-1: Grounds into double play, 6-4-3 (Groundball, 6, EV 88.1 MPH)
Batting: RHB Phil Hogan 0-0: Called Strike
0-1: Foul Ball, location: 2F
0-2: Foul Ball, location: 2F
0-2: Ball
1-2: Ball
2-2: Foul Ball, location: 2F
2-2: DOUBLE (Flyball, 8LXD, EV 100.6 MPH)
Batting: RHB Yong-oon P'i 0-0: Swinging Strike
0-1: Reached on error, E5 (Groundball, 56S, EV 68.8 MPH)
Phil Hogan to third
Batting: SHB José Santos 0-0: Called Strike
0-1: Foul Ball, location: 2F
0-2: Ball
1-2: Ball
2-2: Foul Ball, location: 2F
2-2: Foul Ball, location: 2F
2-2: Fielders Choice at 2nd, 5-4 (Groundball, 56, EV 86.9 MPH)
Top of the 8th over - 0 runs, 2 hits, 1 error, 2 left on base; Maine 3 - Franklin 2
BOTTOM OF THE 8TH
Franklin Fire batting - Pitching for Maine Sea Dogs : RHP Ignacio González
Pitching: RHP Rob Green
Now in CF: Michael Weber
Batting: RHB Felino Edrada 0-0: Called Strike
0-1: Ball
1-1: Ball
2-1: Fly out, F7 (Flyball, 78XD, EV 91.9 MPH)
Batting: SHB Ji-hoon Ku 0-0: Foul Ball, location: 2F
0-1: Called Strike
0-2: Ball
1-2: SINGLE (Groundball, 34D, EV 102.5 MPH)
Batting: LHB Will Blalock 0-0: Foul Ball, location: 2F
0-1: Swinging Strike
0-2: Foul Ball, location: 2F
0-2: Strikes out swinging
Batting: RHB Kenny Benson 0-0: Ball
1-0: Ball
2-0: Ball
3-0: Base on Balls
Ji-hoon Ku to second
Batting: LHB John Campbell 0-0: Called Strike
0-1: Foul Ball, location: 2F
0-2: Fly out, F8 (Flyball, 78S, EV 95.0 MPH)
Bottom of the 8th over - 0 runs, 1 hit, 0 errors, 2 left on base; Maine 3 - Franklin 2
TOP OF THE 9TH
Maine Sea Dogs batting - Pitching for Franklin Fire : RHP Fepiku Alewina
Batting: RHB Dao Ngo 0-0: Foul Ball, location: 2F
0-1: Swinging Strike
0-2: Foul Ball, location: 2F
0-2: Ball
1-2: SINGLE (Groundball, 56, EV 106.9 MPH) (infield hit)
Pitching: RHP Gonzalo Barajas
Batting: RHB Lenny Taunton 0-0: Called Strike
0-1: Called Strike
0-2: Ball
1-2: Ball
2-2: Ball
3-2: Strikes out swinging
Batting: RHB Javier Carrodeguas 0-0: Fly out, F7 (Flyball, 78D, EV 91.9 MPH)
Batting: SHB César Sánchez 0-0: SINGLE (Line Drive, 34D, EV 95.0 MPH)
Dao Ngo to second
Runner from 2nd tries for 3rd, SAFE, throw by RF made to third
Batting: RHB Ernest Bonner 0-0: Called Strike
0-1: Ball
1-1: Swinging Strike
1-2: Strikes out swinging
Top of the 9th over - 0 runs, 2 hits, 0 errors, 2 left on base; Maine 3 - Franklin 2
BOTTOM OF THE 9TH
Franklin Fire batting - Pitching for Maine Sea Dogs : RHP Rob Green
Pitching: RHP Arthur Anderson
Now in LF: Bill Fisher
Pinch Hitting: LHB Ernie Knight 0-0: Called Strike
0-1: Ball
1-1: Foul Ball, location: 2F
1-2: Foul Ball, location: 2F
1-2: Foul Ball, location: 2F
1-2: SINGLE (Line Drive, 8RS, EV 110.6 MPH)
Batting: RHB Rusty Brown 0-0: Bunted foul
0-1: Sac Bunt to 13 - play at first, batter OUT! 1-4
Ernie Knight to second
Pinch Hitting: RHB Josh Doss 0-0: Called Strike
0-1: Swinging Strike
0-2: Strikes out swinging
Pinch Hitting: RHB Huibert Schipper 0-0: Ball
1-0: Swinging Strike
1-1: Swinging Strike
1-2: Ball
2-2: SINGLE (Groundball, 6, EV 110.6 MPH) (infield hit)
Ernie Knight to third
Batting: RHB Felino Edrada 0-0: Ball
1-0: Swinging Strike
1-1: Ball
2-1: Ground out 6-3 (Groundball, 6S, EV 75.0 MPH)
Bottom of the 9th over - 0 runs, 2 hits, 0 errors, 2 left on base; Maine 3 - Franklin 2
Friday, March 26th, 2021 - OOTP Baseball 20.8 Build 74